PAA
CHESAPEAKE CONTINENTALS @ MERCER ISLAND SCREAMING EAGLES
07/29/2031
 
TOP OF THE 1ST
Chesapeake Continentals batting - Pitching for Mercer Island Screaming Eagles : RHP Harrison Tuff
Pitching: RHP Harrison Tuff
Batting: RHB Santiago Valentín 0-0: Ball
1-0: Foul Ball, location: 2F
1-1: Called Strike
1-2: Ball
2-2: Foul Ball, location: 2F
2-2: Fly out, F8 (Flyball, 8LS)
Batting: RHB Phil Oostermeer 0-0: Ball
1-0: Foul Ball, location: 2F
1-1: Ball
2-1: Fly out, F9 (Flyball, 9LSF)
Batting: RHB Arturo Scantlebury 0-0: SINGLE (Flyball, 8RS)
Batting: RHB Obi Jones 0-0: Foul Ball, location: 2F
0-1: Ball
1-1: Foul Ball, location: 2F
1-2: Foul Ball, location: 2F
1-2: SINGLE (Groundball, 6M) (infield hit)
Arturo Scantlebury to second
Batting: SHB Peer van Lochem 0-0: Ball
1-0: Ball
2-0: Fly out, F9 (Flyball, 9S)
Top of the 1st over - 0 runs, 2 hits, 0 errors, 2 left on base; Chesapeake 0 - Mercer Island 0
BOTTOM OF THE 1ST
Mercer Island Screaming Eagles batting - Pitching for Chesapeake Continentals : RHP Kyung-nam Kim
Pitching: RHP Kyung-nam Kim
Batting: LHB Alberto Enríquez 0-0: Ball
1-0: Ball
2-0: Foul Ball, location: 2F
2-1: Ball
3-1: Base on Balls
Batting: LHB Jorge Pérez 0-0: Called Strike
0-1: Ball
1-1: Ball
2-1: Grounds into double play, 4-6-3 (Groundball, 34)
Batting: RHB Wade Killefer 0-0: Fly out, F3 (Popup, 34)
Bottom of the 1st over - 0 runs, 0 hits, 0 errors, 0 left on base; Chesapeake 0 - Mercer Island 0
TOP OF THE 2ND
Chesapeake Continentals batting - Pitching for Mercer Island Screaming Eagles : RHP Harrison Tuff
Batting: LHB Bartholomew Bailey 0-0: Swinging Strike
0-1: Called Strike
0-2: Ball
1-2: Strikes out looking
Batting: LHB Mathias Gudmestad 0-0: Foul Ball, location: 2F
0-1: Foul Ball, location: 2F
0-2: Ball
1-2: Strikes out swinging
Batting: RHB Otton Dis 0-0: Called Strike
0-1: Fly out, F7 (Line Drive, 7)
Top of the 2nd over - 0 runs, 0 hits, 0 errors, 0 left on base; Chesapeake 0 - Mercer Island 0
BOTTOM OF THE 2ND
Mercer Island Screaming Eagles batting - Pitching for Chesapeake Continentals : RHP Kyung-nam Kim
Batting: SHB Arnold Griffith 0-0: Fly out, F7 (Line Drive, 78M)
Batting: SHB Serious Lee 0-0: Ball
1-0: Called Strike
1-1: Ball
2-1: Ball
3-1: Reached on error, E3 (Line Drive, 34)
Batting: RHB Pedro Hernández 0-0: Ball
Serious Lee is caught stealing 2nd base
1-0: Ball
2-0: Swinging Strike
2-1: Foul Ball, location: 2F
2-2: Strikes out swinging
Bottom of the 2nd over - 0 runs, 0 hits, 1 error, 0 left on base; Chesapeake 0 - Mercer Island 0
TOP OF THE 3RD
Chesapeake Continentals batting - Pitching for Mercer Island Screaming Eagles : RHP Harrison Tuff
Batting: SHB Tomás Valdéz 0-0: Called Strike
0-1: Ball
1-1: Ball
2-1: Fly out, F8 (Flyball, 8RS)
Batting: RHB Santiago Valentín 0-0: Ball
1-0: Ball
2-0: Called Strike
2-1: Fly out, F7 (Flyball, 7LS)
Batting: RHB Phil Oostermeer 0-0: Fly out, F8 (Flyball, 8LM)
Top of the 3rd over - 0 runs, 0 hits, 0 errors, 0 left on base; Chesapeake 0 - Mercer Island 0
BOTTOM OF THE 3RD
Mercer Island Screaming Eagles batting - Pitching for Chesapeake Continentals : RHP Kyung-nam Kim
Batting: RHB Kenny DeWitt 0-0: Ball
1-0: Called Strike
1-1: Ball
2-1: Foul Ball, location: 2F
2-2: Ball
3-2: Strikes out swinging
Batting: SHB Edward Sterrenburg 0-0: Called Strike
0-1: Ball
1-1: Ball
2-1: SINGLE (Groundball, 4MD)
Batting: LHB Theo Fightmaster 0-0: Ball
Pickoff Throw to First - Out!
1-0: Ball
2-0: Ball
3-0: Called Strike
3-1: Called Strike
3-2: Fly out, F9 (Flyball, 9D)
Bottom of the 3rd over - 0 runs, 1 hit, 0 errors, 0 left on base; Chesapeake 0 - Mercer Island 0
TOP OF THE 4TH
Chesapeake Continentals batting - Pitching for Mercer Island Screaming Eagles : RHP Harrison Tuff
Batting: RHB Arturo Scantlebury 0-0: Ball
1-0: SINGLE (Line Drive, 8LS)
Batting: RHB Obi Jones 0-0: Foul Ball, location: 2F
0-1: Ball
1-1: Swinging Strike
1-2: Fly out, F7 (Flyball, 78S)
Batting: SHB Peer van Lochem 0-0: Ball
1-0: Fly out, F8 (Flyball, 8LM)
Batting: LHB Bartholomew Bailey 0-0: Called Strike
0-1: Fly out, F2 (Popup, 15S)
Top of the 4th over - 0 runs, 1 hit, 0 errors, 1 left on base; Chesapeake 0 - Mercer Island 0
BOTTOM OF THE 4TH
Mercer Island Screaming Eagles batting - Pitching for Chesapeake Continentals : RHP Kyung-nam Kim
Batting: LHB Alberto Enríquez 0-0: Called Strike
0-1: Foul Ball, location: 2F
0-2: Ball
1-2: Ball
2-2: Foul Ball, location: 2F
2-2: Ball
3-2: Ground out 3-1 (Groundball, 34S)
Batting: LHB Jorge Pérez 0-0: Foul Ball, location: 2F
0-1: Called Strike
0-2: Foul Ball, location: 2F
0-2: Ball
1-2: Strikes out swinging
Batting: RHB Wade Killefer 0-0: Ball
1-0: Foul Ball, location: 2F
1-1: Ball
2-1: Ground out 6-3 (Groundball, 6)
Bottom of the 4th over - 0 runs, 0 hits, 0 errors, 0 left on base; Chesapeake 0 - Mercer Island 0
TOP OF THE 5TH
Chesapeake Continentals batting - Pitching for Mercer Island Screaming Eagles : RHP Harrison Tuff
Batting: LHB Mathias Gudmestad 0-0: SINGLE (Line Drive, 8RS)
Batting: RHB Otton Dis 0-0: Bunted foul
0-1: Sac Bunt - play at first, batter OUT! 3-4
Mathias Gudmestad to second
Batting: SHB Tomás Valdéz 0-0: Called Strike
0-1: Ball
1-1: Ball
2-1: Fly out, F8 (Flyball, 8LM)
Batting: RHB Santiago Valentín 0-0: Ball
1-0: Fly out, F5 (Flyball, 56D)
Top of the 5th over - 0 runs, 1 hit, 0 errors, 1 left on base; Chesapeake 0 - Mercer Island 0
BOTTOM OF THE 5TH
Mercer Island Screaming Eagles batting - Pitching for Chesapeake Continentals : RHP Kyung-nam Kim
Batting: SHB Arnold Griffith 0-0: Ground out 6-3 (Groundball, 6)
Batting: SHB Serious Lee 0-0: Ball
1-0: Ball
2-0: Called Strike
2-1: Ground out 6-3 (Groundball, 6)
Batting: RHB Pedro Hernández 0-0: Called Strike
0-1: DOUBLE (Flyball, 78XD)
Batting: RHB Kenny DeWitt 0-0: Called Strike
0-1: Foul Ball, location: 2F
0-2: Foul Ball, location: 2F
0-2: Ball
1-2: Strikes out swinging
Bottom of the 5th over - 0 runs, 1 hit, 0 errors, 1 left on base; Chesapeake 0 - Mercer Island 0
TOP OF THE 6TH
Chesapeake Continentals batting - Pitching for Mercer Island Screaming Eagles : RHP Harrison Tuff
Batting: RHB Phil Oostermeer 0-0: Called Strike
0-1: Ball
1-1: Ball
2-1: Foul Ball, location: 2F
2-2: Ball
3-2: Fly out, F7 (Line Drive, 7S)
Batting: RHB Arturo Scantlebury 0-0: Foul Ball, location: 2F
0-1: Ball
1-1: Ball
2-1: Fly out, F7 (Line Drive, 7D)
Batting: RHB Obi Jones 0-0: Called Strike
0-1: Ball
1-1: Called Strike
1-2: Ground out 2-3 (Groundball, 2L)
Top of the 6th over - 0 runs, 0 hits, 0 errors, 0 left on base; Chesapeake 0 - Mercer Island 0
BOTTOM OF THE 6TH
Mercer Island Screaming Eagles batting - Pitching for Chesapeake Continentals : RHP Kyung-nam Kim
Batting: SHB Edward Sterrenburg 0-0: Ground out 4-3 (Groundball, 34)
Batting: LHB Theo Fightmaster 0-0: Called Strike
0-1: Ball
1-1: SINGLE (Flyball, 89S)
Batting: LHB Alberto Enríquez 0-0: Ball
1-0: Foul Ball, location: 2F
1-1: Grounds into double play, 4-6-3 (Groundball, 4)
Bottom of the 6th over - 0 runs, 1 hit, 0 errors, 0 left on base; Chesapeake 0 - Mercer Island 0
TOP OF THE 7TH
Chesapeake Continentals batting - Pitching for Mercer Island Screaming Eagles : RHP Harrison Tuff
Batting: SHB Peer van Lochem 0-0: Ball
1-0: Ball
2-0: Swinging Strike
2-1: Called Strike
2-2: Fly out, F9 (Flyball, 9LM)
Batting: LHB Bartholomew Bailey 0-0: Called Strike
0-1: Ball
1-1: SINGLE (Line Drive, 6)
Batting: LHB Mathias Gudmestad 0-0: Foul Ball, location: 2F
0-1: Fielders Choice at 2nd, 4-6 (Groundball, 4)
Pinch Hitting: LHB Raphaël Duval 0-0: Ball
1-0: Fly out, F9 (Flyball, 9D)
Top of the 7th over - 0 runs, 1 hit, 0 errors, 1 left on base; Chesapeake 0 - Mercer Island 0
BOTTOM OF THE 7TH
Mercer Island Screaming Eagles batting - Pitching for Chesapeake Continentals : RHP Kyung-nam Kim
Now at SS: Mark Sawyer
Batting: LHB Jorge Pérez 0-0: Ground out 3-1 (Groundball, 34S)
Batting: RHB Wade Killefer 0-0: Called Strike
0-1: Ball
1-1: Ball
2-1: Called Strike
2-2: Ball
3-2: Base on Balls
Batting: SHB Arnold Griffith 0-0: Ball
1-0: Ball
2-0: Called Strike
2-1: Ball
3-1: Base on Balls
Wade Killefer to second
Pinch Hitting: RHB Jeffery Campbell 0-0: Fly out, F9 (Flyball, 89D)
Runner from 2nd tags up, SAFE at 3rd, no throw
Batting: RHB Pedro Hernández 0-0: Called Strike
0-1: Called Strike
0-2: Strikes out swinging
Bottom of the 7th over - 0 runs, 0 hits, 0 errors, 2 left on base; Chesapeake 0 - Mercer Island 0
TOP OF THE 8TH
Chesapeake Continentals batting - Pitching for Mercer Island Screaming Eagles : RHP Harrison Tuff
Now in RF: Jeffery Campbell
Pinch Hitting: SHB Bernie Nutall 0-0: Called Strike
0-1: Ball
1-1: Ball
2-1: DOUBLE (Line Drive, 8LD)
Batting: RHB Santiago Valentín 0-0: Ball
1-0: Ball
2-0: TRIPLE (Line Drive, 9D)
Bernie Nutall scores
Batting: RHB Phil Oostermeer 0-0: Called Strike
0-1: Ball
1-1: Fly out, F7 (Flyball, 7)
Runner from 3rd tags up, SCORES, throw made
Batting: RHB Arturo Scantlebury 0-0: Fly out, F8 (Flyball, 8LS)
Batting: RHB Obi Jones 0-0: Called Strike
0-1: Swinging Strike
0-2: Foul Ball, location: 2F
0-2: Fly out, F9 (Flyball, 9S)
Top of the 8th over - 2 runs, 2 hits, 0 errors, 0 left on base; Chesapeake 2 - Mercer Island 0
BOTTOM OF THE 8TH
Mercer Island Screaming Eagles batting - Pitching for Chesapeake Continentals : RHP Kyung-nam Kim
Now at 2B: Bernie Nutall
Batting: RHB Kenny DeWitt 0-0: Fly out, F3 (Popup, 3S)
Batting: SHB Edward Sterrenburg 0-0: Ball
1-0: Called Strike
1-1: Ball
2-1: DOUBLE (Line Drive, 7LD)
Batting: LHB Theo Fightmaster 0-0: Ball
1-0: Ball
2-0: Ground out 6-3 (Groundball, 56)
Batting: LHB Alberto Enríquez 0-0: Foul Ball, location: 2F
0-1: Foul Ball, location: 2F
0-2: Ball
1-2: Ball
2-2: Ball
3-2: Ground out 6-3 (Groundball, 6)
Bottom of the 8th over - 0 runs, 1 hit, 0 errors, 1 left on base; Chesapeake 2 - Mercer Island 0
TOP OF THE 9TH
Chesapeake Continentals batting - Pitching for Mercer Island Screaming Eagles : RHP Harrison Tuff
Batting: SHB Peer van Lochem 0-0: Fly out, F8 (Line Drive, 8RM)
Batting: LHB Bartholomew Bailey 0-0: SINGLE (Flyball, 8RS)
Batting: LHB Mathias Gudmestad 0-0: Ball
1-0: Ball
2-0: Swinging Strike
2-1: Foul Ball, location: 2F
2-2: Ball
3-2: Strikes out swinging
Batting: RHB Mark Sawyer 0-0: Ball
1-0: Ball
2-0: Fly out, F5 (Line Drive, 56)
Top of the 9th over - 0 runs, 1 hit, 0 errors, 1 left on base; Chesapeake 2 - Mercer Island 0
BOTTOM OF THE 9TH
Mercer Island Screaming Eagles batting - Pitching for Chesapeake Continentals : RHP Kyung-nam Kim
Pitching: LHP Francisco Torres
Batting: LHB Jorge Pérez 0-0: Foul Ball, location: 2F
0-1: Swinging Strike
0-2: Ball
1-2: Strikes out swinging
Batting: RHB Wade Killefer 0-0: Called Strike
0-1: Swinging Strike
0-2: Foul Ball, location: 2F
0-2: Foul Ball, location: 2F
0-2: Foul Ball, location: 2F
0-2: Foul Ball, location: 2F
0-2: Foul Ball, location: 2F
0-2: Foul Ball, location: 2F
0-2: Ball
1-2: Ball
2-2: Foul Ball, location: 2F
2-2: Ball
3-2: Ground out 1-3 (Groundball, P)
Batting: SHB Arnold Griffith 0-0: Called Strike
0-1: Fly out, F9 (Line Drive, 9)
Bottom of the 9th over - 0 runs, 0 hits, 0 errors, 0 left on base; Chesapeake 2 - Mercer Island 0
Tuesday, June 12th, 2018 - OOTP Baseball 18.8 Build 76